Map: Queda Cerúlea LE

Players

franciscopd

  • Race: Protoss Protoss
  • League: Silver
  • Spawn Location: 7:00

Vicster - Winner!

  • Race: Terran Terran
  • League: Gold
  • Spawn Location: 1:00

VOD

Have the link to the VOD?

Description

Time

  • Played on: Jan. 10, 2019, 2 p.m.
  • Length: 8:16
Show
View Real Time Build Order
Export as new Build Order

franciscopd Protoss 

Build Orders:  

Get SALT Encoding   

  1  0:00  Probe  
  12  0:06  Probe  
  14  0:24  Pylon  
  14  0:43  Forge  
  14  0:48  Gateway  
  14  0:59  Probe  
  15  1:11  Probe  
  16  1:15  Pylon  
  16  1:22  Assimilator  
  16  1:23  Probe  
  17  1:35  Photon Cannon  
  17  1:37  Photon Cannon  
  17  1:43  Pylon  
  17  2:11  Gateway  
  17  2:17  Photon Cannon  
  17  2:20  Pylon  
  17  2:41  Photon Cannon  
  17  3:09  Photon Cannon  
  17  3:20  Photon Cannon  
  17  3:23  Zealot  
  19  3:45  Zealot  
  21  4:04  Gateway  
  21  4:09  Photon Cannon  
  21  4:11  Photon Cannon  
  21  4:12  Zealot  
  23  4:26  Pylon  
  23  4:46  Zealot  
  25  4:54  Zealot  
  25  5:12  Zealot  
  25  5:13  Zealot  
  21  5:39  Zealot  
  21  5:40  Gateway, Zealot  
  25  5:50  Photon Cannon  
  25  5:57  Gateway  
  25  6:02  Nexus  
  25  6:05  Probe  
  25  6:06  Zealot  
  25  6:07  Zealot  
  25  6:08  Zealot  
  32  6:21  Assimilator  
  28  6:39  Zealot x3  
  30  6:44  Zealot  
  32  6:49  Pylon  
  32  7:03  Cybernetics Core  
  32  7:06  Zealot x2  
  30  7:25  Zealot  
  30  7:26  Probe  
  28  7:33  Probe  
  28  7:34  Probe  
  30  7:43  Assimilator  
  31  7:44  Probe  
  31  7:45  Probe  
  31  7:56  Probe  
  31  7:57  Probe  
Show
View Real Time Build Order
Export as new Build Order

Vicster Terran - Winner!

Build Orders:  

Get SALT Encoding   

  12  0:01  SCV  
  13  0:13  SCV  
  14  0:25  SCV  
  15  0:29  Supply Depot  
  15  0:46  Refinery  
  15  0:51  Barracks, SCV  
  16  1:03  SCV  
  17  1:15  SCV  
  18  1:31  Supply Depot  
  18  1:33  SCV  
  19  1:45  Marine  
  19  1:46  SCV  
  20  2:22  Engineering Bay  
  19  2:33  Command Center  
  19  2:47  Planetary Fortress  
  19  2:57  Barracks Tech Lab  
  19  3:08  Factory  
  19  3:34  Supply Depot  
  19  3:35  Supply Depot  
  19  3:46  Supply Depot  
  19  4:01  Supply Depot  
  19  4:04  Orbital Command  
  19  4:05  Supply Depot  
  19  4:10  Refinery  
  19  4:11  SCV  
  20  4:20  Siege Tank  
  20  4:23  SCV  
  24  4:29  SCV  
  25  4:35  SCV  
  25  4:47  SCV  
  28  5:02  Cyclone  
  28  5:06  Refinery  
  28  5:07  SCV x2  
  30  5:19  SCV  
  30  5:20  SCV  
  32  5:32  SCV x2  
  31  5:44  SCV  
  31  5:45  Siege Tank  
  35  5:51  Refinery  
  35  5:57  Barracks Tech Lab, Ghost Academy  
  35  6:50  SCV x2  
  35  6:53  Ghost  
  39  6:57  Command Center  
  39  7:00  Ghost Academy  
  39  7:02  SCV x2  
  39  7:06  Siege Tank  
  44  7:14  Factory, SCV x2  
  45  7:26  SCV  
Tags
 
Add a new tag
Caveats
  • Supply blocks, unpowered buildings, or Contaminate may cause inaccurate times.
  • Supply counts are checked every 10 seconds.